General information
- name: BNet
- type: Ladder team game (AT/RT)
- host: Battle.net
- saver: timg4strok
map: TwistedMeadows
- players: 4
- length: 17:21
- speed: Fast
- version: 1.20 W3XP
- replay type:

» download(129 KB)
Players
team 1 (winner)

»
Mata. (
orange | 161 APM | 2786 actions | 17:20)
5 Archmage
3 Summon Water Elemental
2 Brilliance Aura
4 Mountain King
2 Storm Bolt
2 Bash
» actions
| Assign group hotkey | 267 | |
| Basic commands | 15 | |
| Build / train | 65 | |
| Enter build submenu | 27 | |
| Enter hero's abilities submenu | 10 | |
| Give item / drop item | 1 | |
| Remove unit from queue | 2 | |
| Right click | 1117 | |
| Select / deselect | 608 | |
| Select group hotkey | 595 | |
| Use ability | 79 | |
2786 total
» units
| Peasant | 12 | |
| Rifleman | 13 | |
| Sorceress | 2 | |
| Spell Breaker | 3 | |
| Dragonhawk Rider | 1 | |
31 total
» upgrades
| Gunpowder | 2 | |
| Armor | 1 | |
| Long Rifles | 1 | |
| Sorceress Training | 1 | |
5 total
» buildings
| Altar of Kings | 1 | |
| Farm | 12 | |
| Blacksmith | 1 | |
| Barracks | 2 | |
| Scout Tower | 1 | |
| Arcane Tower | 3 | |
| Keep | 1 | |
| Arcane Vault | 1 | |
| Arcane Sanctum | 1 | |
| Lumber Mill | 2 | |
| Town Hall | 1 | |
| Gryphon Aviary | 1 | |
27 total
» build order
00:03 Altar of Kings
00:18 Farm
00:33 Blacksmith
01:12 Barracks
01:36 Farm
02:06 Farm
02:09 Scout Tower
02:40 Arcane Tower
02:40 Arcane Tower
02:45 Farm
02:48 Farm
03:47 Barracks
03:49 Farm
05:35 Farm
07:28 Farm
07:31 Keep
09:39 Arcane Vault
09:58 Arcane Sanctum
11:18 Farm
11:19 Farm
12:14 Farm
12:15 Farm
12:47 Lumber Mill
12:53 Lumber Mill
12:58 Town Hall
14:12 Gryphon Aviary
» items
timg4strok (
pink | 132 APM | 2292 actions | 17:21)
6 Priestess of the Moon
3 Trueshot Aura
2 Searing Arrows
1 Starfall
» actions
| Assign group hotkey | 14 | |
| Basic commands | 104 | |
| Build / train | 38 | |
| ESC pressed | 2 | |
| Enter build submenu | 13 | |
| Enter hero's abilities submenu | 7 | |
| Right click | 1065 | |
| Select / deselect | 253 | |
| Select group hotkey | 744 | |
| Use ability | 52 | |
2292 total
» units
| Wisp | 9 | |
| Huntress | 7 | |
| Druid of the Claw | 6 | |
22 total
» upgrades
| Ultravision | 1 | |
| Druid of the Claw Training | 2 | |
| Reinforced Hides | 1 | |
| Mark of the Claw | 1 | |
5 total
» buildings
| Altar of Elders | 1 | |
| Moon Well | 6 | |
| Hunter's Hall | 1 | |
| Ancient of War | 2 | |
| Tree of Ages | 1 | |
| Ancient of Lore | 2 | |
| Tree of Eternity | 1 | |
| Tree of Life | 1 | |
15 total
» build order
00:07 Altar of Elders
00:09 Moon Well
02:05 Hunter's Hall
02:09 Ancient of War
02:10 Ancient of War
02:24 Moon Well
02:50 Moon Well
05:59 Tree of Ages
06:01 Moon Well
09:14 Ancient of Lore
09:15 Ancient of Lore
10:34 Tree of Eternity
11:38 Moon Well
14:08 Tree of Life
14:27 Moon Well
team 2 (loser)
eD_ (
yellow | 123 APM | 2129 actions | 17:17)
4 Far Seer
2 Feral Spirit
2 Chain Lighting
3 Pit Lord
2 Rain of Fire
1 Cleaving Attack
» actions
| Assign group hotkey | 167 | |
| Basic commands | 221 | |
| Build / train | 87 | |
| ESC pressed | 3 | |
| Enter build submenu | 16 | |
| Enter hero's abilities submenu | 7 | |
| Give item / drop item | 2 | |
| Right click | 764 | |
| Select / deselect | 308 | |
| Select group hotkey | 458 | |
| Use ability | 96 | |
2129 total
» units
| Peon | 13 | |
| Grunt | 12 | |
| Raider | 11 | |
| Kodo Beast | 2 | |
38 total
» upgrades
| Ensnare | 2 | |
| Berserker Strength | 1 | |
| Armor | 1 | |
4 total
» buildings
| Altar of Storms | 1 | |
| Orc Burrow | 5 | |
| Barracks | 1 | |
| Stronghold | 2 | |
| Voodoo Lounge | 1 | |
| War Mill | 1 | |
| Beastiary | 5 | |
| Great Hall | 1 | |
17 total
» build order
00:08 Altar of Storms
00:22 Orc Burrow
00:35 Barracks
01:30 Orc Burrow
02:42 Stronghold
03:18 Voodoo Lounge
04:06 Orc Burrow
04:44 War Mill
04:47 Orc Burrow
05:16 Beastiary
07:21 Beastiary
09:23 Beastiary
10:36 Beastiary
10:41 Beastiary
12:21 Orc Burrow
14:15 Great Hall
» items
| Scroll of Speed | 1 | |
| Lesser Clarity Potion | 13 | |
| Healing Salve | 7 | |
| Potion of Healing | 3 | |
| Potion of Lesser Invulnerability | 1 | |
| Scroll of Town Portal | 1 | |
26 total

»
LAgthx (
green | 191 APM | 3318 actions | 17:20)
4 Death Knight
2 Death Coil
2 Unholy Aura
3 Lich
2 Frost Nova
1 Dark Ritual
» actions
| Assign group hotkey | 32 | |
| Basic commands | 95 | |
| Build / train | 50 | |
| ESC pressed | 2 | |
| Enter build submenu | 11 | |
| Enter hero's abilities submenu | 7 | |
| Give item / drop item | 5 | |
| Right click | 1105 | |
| Select / deselect | 446 | |
| Select group hotkey | 1484 | |
| Use ability | 81 | |
3318 total
» units
| Acolyte | 2 | |
| Ghoul | 2 | |
| Crypt Fiend | 7 | |
| Forest Troll Shadow Priest | 1 | |
| Obsidian Statue | 5 | |
| Abomination | 2 | |
19 total
» upgrades
| Creature Attack | 2 | |
| Burrow | 1 | |
| Destroyer Form | 1 | |
| Web | 1 | |
| Disease Cloud | 1 | |
6 total
» buildings
| Crypt | 1 | |
| Ziggurat | 5 | |
| Altar of Darkness | 1 | |
| Graveyard | 1 | |
| Nerubian Tower | 1 | |
| Tomb of Relics | 1 | |
| Halls of the Dead | 1 | |
| Slaughterhouse | 2 | |
| Black Citadel | 1 | |
14 total
» build order
00:08 Crypt
00:14 Ziggurat
00:39 Altar of Darkness
00:56 Graveyard
01:22 Nerubian Tower
01:32 Tomb of Relics
02:28 Ziggurat
04:01 Halls of the Dead
05:12 Ziggurat
07:19 Slaughterhouse
09:18 Ziggurat
09:32 Black Citadel
11:18 Ziggurat
11:37 Slaughterhouse
» items
| Rod of Necromancy | 2 | |
| Dust of Appearance | 1 | |
| Scroll of Town Portal | 2 | |
| Potion of Healing | 4 | |
| Potion of Invisibility | 1 | |
| Scroll of Healing | 2 | |
12 total
Chat log
(00:07 / Allies) Mata.: gold?
(00:19 / All) Mata.: gl hf
(00:21 / All) timg4strok: gg and GL
(00:42 / All) LAgthx: thx u 2
(00:53 / Allies) timg4strok: going dr again ? ? ?
(00:59 / Allies) Mata.: going archmage
(01:08 / Allies) timg4strok: archer mage
(01:34 / Allies) timg4strok: i fucked up on impregnable base
(01:42 / Allies) timg4strok: oh vell
(01:47 / Allies) Mata.: got a weird build
(01:51 / Allies) Mata.: went 2 on gold rest on lumber
(01:52 / Allies) timg4strok: who me
(01:55 / Allies) Mata.: think it resulted in faster rifle
(01:56 / Allies) timg4strok: or u
(01:58 / Allies) Mata.: not sure though
(02:00 / Allies) Mata.: was me
(03:01 / Allies) timg4strok: if you tp to my base dont tp to back
(03:03 / Allies) timg4strok: youll get stuck
(03:09 / Allies) Mata.: harr
(03:10 / Allies) timg4strok: tp to side
(03:40 / Allies) Mata.: need hunt for this
(04:01 / Allies) Mata.: you building 2 aow at same time is bad practice imho
(04:09 / Allies) timg4strok: do you think so
(04:09 / Allies) Mata.: gone
(04:31 / Allies) Mata.: scout peon?
(04:35 / Allies) Mata.: ffu
(04:36 / Allies) timg4strok: grunts
(04:36 / Allies) timg4strok: fs
(04:51 / Allies) Mata.: oh well lets go
(05:07 / Allies) timg4strok: 4
(05:08 / Allies) timg4strok: unt
(05:08 / Allies) Mata.: surround
(05:09 / Allies) timg4strok: surroudn
(05:15 / Allies) Mata.: replay saved for that
(05:22 / Allies) timg4strok: surrounding and towers
(05:25 / Allies) timg4strok: best part of war3
(05:38 / Allies) Mata.: def agree
(07:16 / Allies) Mata.: 2 nice surrounds imho
(07:23 / Allies) Mata.: okay go
(07:38 / Allies) Mata.: roll pieze
(09:01 / Allies) Mata.: out
(09:02 / Allies) Mata.: we got no heroes
(09:16 / Allies) Mata.: oh well
(09:36 / Allies) timg4strok: oops
(09:46 / Allies) Mata.: rally hero in the front
(09:48 / Allies) Mata.: or she'll get stuck
(09:55 / Allies) timg4strok: haha dang
(10:17 / Allies) Mata.: lores will have to eat her out maybe (get it lol)
(10:25 / Allies) timg4strok: l o l
(10:29 / Allies) timg4strok: goin bears
(10:34 / Allies) Mata.: get some caster
(10:35 / Allies) Mata.: got
(10:35 / Allies) Mata.: i mean
(11:48 / Allies) Mata.: mk tome
(11:54 / Allies) timg4strok: fffffffffffffffffffffffffffffffffffff
(11:58 / Allies) timg4strok: i had it queue
(11:59 / Allies) Mata.: first you take my int
(12:00 / Allies) Mata.: then my str
(12:33 / Allies) timg4strok: nice
(12:41 / Allies) timg4strok: expand maybe
(12:58 / Allies) timg4strok: bear form teching
(16:05 / Allies) timg4strok: got sfall
(16:06 / Allies) Mata.: yep that's g
(16:28 / Allies) Mata.: lets go
(16:46 / Allies) Mata.: fall it
(16:47 / Allies) Mata.: imho
(16:51 / Allies) Mata.: killed dk
(16:53 / Allies) Mata.: so guy won't tp